 Dungeon Crawl Stone Soup version 0.23.2-1-ga50397a (webtiles) character file.

Game seed: 18280590804871891039

719 doot the Gusty (level 7, -2/37 HPs)
             Began as a Tengu Air Elementalist on May 14, 2019.
             Slain by Crazy Yiuf
             ... wielding a +3 quarterstaff of chaos
              (16 damage)
             ... on level 6 of the Dungeon.
             The game lasted 00:12:05 (6378 turns).

doot the Gusty (Tengu Air Elementalist)             Turns: 6378, Time: 00:12:05

Health: -2/37      AC:  2    Str:  9    XL:     7   Next: 70%
Magic:  0/15       EV: 15    Int: 17    God:
Gold:   228        SH:  0    Dex: 14    Spells: 0/15 levels left

rFire    . . .     SeeInvis +   e - +0 whip
rCold    . . .     Gourm    .   (no shield)
rNeg     . . .     Faith    .   a - +0 robe
rPois    .         Spirit   +   (helmet restricted)
rElec    .         Reflect  .   j - scarf {Spirit}
rCorr    .         Harm     .   (no gloves)
MR       .....                  (boots unavailable)
Stlth    ++........             (no amulet)
HPRegen  0.12/turn              s - ring of see invisible
MPRegen  0.14/turn              (no ring)

@: flying quickly and evasively, quick
A: beak, talons 3, able to fly
a: Stop Flying


You were on level 6 of the Dungeon.
You were not hungry.

You visited 1 branch of the dungeon, and saw 6 of its levels.

You collected 228 gold pieces.

Inventory:

Hand Weapons
 e - a +0 whip (weapon)
Armour
 a - a +0 robe (worn)
 j - a scarf of spirit shield (worn)
Jewellery
 s - a ring of see invisible (left hand)
Wands
 h - a wand of flame (18)
 m - a wand of paralysis (9)
 q - a wand of acid (10)
Scrolls
 b - 2 scrolls of blinking {unknown}
 f - 5 scrolls of identify {unknown}
 g - a scroll of random uselessness {unknown}
 k - 2 scrolls of teleportation
 l - a scroll of enchant weapon {unknown}
 n - 3 scrolls of remove curse
 o - 2 scrolls of immolation {unknown}
 r - a scroll of magic mapping {unknown}
 v - a scroll of fear {unknown}
Potions
 d - a potion of agility {unknown}
 i - a potion of degeneration {unknown}
 p - 2 potions of curing {unknown}
 t - a potion of lignification {unknown}
 u - a potion of heal wounds {unknown}
 w - 2 potions of haste {unknown}
Comestibles
 c - 4 rations


   Skills:
 + Level 0.7 Fighting
 + Level 0.5 Maces & Flails
 + Level 2.8 Dodging
 + Level 3.1 Stealth
 + Level 4.9 Spellcasting
 + Level 4.2 Conjurations
 + Level 7.3 Air Magic
 + Level 0.2 Evocations


You couldn't memorise any spells.
You knew the following spells:

 Your Spells              Type           Power        Failure   Level  Hunger
a - Shock                 Conj/Air       ###.         1%          1    None
b - Swiftness             Chrm/Air       ###.....     4%          2    #......
c - Static Discharge      Conj/Air       ###.....     4%          3    ###....
d - Airstrike             Air            ####......   7%          4    ####...
e - Lightning Bolt        Conj/Air       ###.......   36%         5    ######.

Your spell library contained the following spells:

 Spells                   Type           Power        Failure   Level  Hunger
 Haunt                    Necr/Summ      #.........   100%        7    #######
 Borgnjor's Revivificati  Necr           #.........   100%        8    #######
 Death's Door             Chrm/Necr      #.........   100%        8    #######
 Infestation              Necr           #.........   100%        8    #######
 Necromutation            Tmut/Necr      #.........   100%        8    #######


Dungeon Overview and Level Annotations

Branches:
Dungeon (6/15)
 Temple: D:4-7

Altars:
Nemelex Xobeh
Uskayaw
Zin

Shops:
D:4 =

Annotations:
D:2 Sigmund
D:6 Crazy Yiuf, Dowan, Duvessa


Innate Abilities, Weirdness & Mutations

You have a beak for a mouth.
You have claws for feet.
You can fly continuously.


Message History

Crazy Yiuf is heavily wounded.
Crazy Yiuf hits you with a +3 quarterstaff of chaos!
Crazy Yiuf freezes you.
Casting: Airstrike (safe; 7% risk of failure)
Confirm with . or Enter, or press ? or * to list all spells.
Aiming: Airstrike (safe; 7% risk of failure)
Press: ? - help, Dir - move target cursor, f/p - Crazy Yiuf
Aim: Crazy Yiuf, wielding a +3 quarterstaff of chaos and wearing a +0 cloak (heavily wounded, berserk, fast, unusually strong)
The air twists around and strikes Crazy Yiuf!
Crazy Yiuf is severely wounded.
Crazy Yiuf hits you with a +3 quarterstaff of chaos.
You are electrocuted!
Casting: Airstrike (safe; 7% risk of failure)
Confirm with . or Enter, or press ? or * to list all spells.
You don't have enough magic to cast that spell.
Unknown command.
You hear a shout!
Crazy Yiuf barely misses you.
Crazy Yiuf hits you with a +3 quarterstaff of chaos!!
You die...

##...## #.# #.....##
####.# .......## ##.##.#
........####...#.######..
........e................
.################.#####..
.# #.# ## #######.## ###
###.#..g@..#
#...##..#.......#
#...'.####P.....# #)..###
##..'.## ### ###### # # #
### ##### ###.#####...#


You could see Crazy Yiuf (berserk).

Vanquished Creatures
  2 ogres (D:4)
  A centaur (D:5)
  A bullfrog (D:6)
  2 orc wizards
  3 hounds
  2 orc priests (D:5)
  A worker ant (D:6)
  8 adders
  A shadow imp (D:5)
  2 oozes
  2 dart slugs
  4 leopard geckos
  6 orcs
  3 ball pythons
  4 giant cockroaches
  4 goblins
  9 hobgoblins
  3 jackals (D:1)
  A quokka (D:3)
  12 bats
  6 frilled lizards
  9 kobolds
  A quokka skeleton (D:4)
  6 rats
93 creatures vanquished.

Vanquished Creatures (others)
  A fungus (D:6)
1 creature vanquished.

Grand Total: 94 creatures vanquished

Notes
Turn   | Place    | Note
-------+----------+-------------------------------------------
     0 | D:1      | doot the Tengu Air Elementalist began the quest for the
                  | Orb.
     0 | D:1      | Reached XP level 1. HP: 10/10 MP: 4/4
    93 | D:1      | Reached XP level 2. HP: 15/15 MP: 0/6
   200 | D:1      | Learned a level 2 spell: Swiftness
   603 | D:1      | Reached XP level 3. HP: 19/19 MP: 4/7
   663 | D:1      | Learned a level 3 spell: Static Discharge
  1408 | D:2      | Noticed Sigmund
  1438 | D:2      | Found a hide-covered altar of Uskayaw.
  1475 | D:2      | Reached skill level 5 in Air Magic
  1702 | D:3      | Reached XP level 4. HP: 24/24 MP: 3/9
  1764 | D:3      | Found a glowing silver altar of Zin.
  2218 | D:3      | Gained mutation: You can fly continuously. [Tengu growth]
  2218 | D:3      | Reached XP level 5. HP: 28/28 MP: 8/10
  2224 | D:3      | Learned a level 4 spell: Airstrike
  2977 | D:4      | Found Iruhipp's Jewellery Shoppe.
  3081 | D:4      | Noticed an ogre
  3114 | D:4      | Noticed a phantom
  3446 | D:4      | Noticed an ogre
  3450 | D:4      | Killed an ogre
  3450 | D:4      | Reached XP level 6. HP: 33/33 MP: 0/12
  3767 | D:4      | Reached skill level 6 in Air Magic
  4063 | D:5      | Entered Level 5 of the Dungeon
  4914 | D:5      | Reached XP level 7. HP: 33/37 MP: 3/14
  5114 | D:5      | Learned a level 5 spell: Lightning Bolt
  5267 | D:5      | Found a sparkling altar of Nemelex Xobeh.
  5308 | D:5      | Reached skill level 7 in Air Magic
  6027 | D:6      | Noticed Duvessa
  6028 | D:6      | Noticed Dowan
  6358 | D:6      | Found a runed translucent door.
  6359 | D:6      | Noticed Crazy Yiuf
  6378 | D:6      | Slain by Crazy Yiuf

Skill      XL: |  1  2  3  4  5  6  7 |
---------------+----------------------+-----
Air Magic      | 5 6 7 |  7.3
Spellcasting   | 3 4 |  4.9
Conjurations   | 2 3 4 |  4.2
Stealth        | 3 |  3.1
Fighting       | |  0.7
Maces & Flails | |  0.5
Dodging        | |  2.8
Evocations     | |  0.2

Action                   |  1- 3 |  4- 6 |  7- 9 || total
-------------------------+-------+-------+-------++-------
Melee: Mace              |     5 |       |       ||     5
       Kick              |     3 |       |       ||     3
       Peck              |     2 |     2 |     2 ||     6
       Whip              |    16 |    14 |     3 ||    33
 Cast: Shock             |    67 |    84 |    24 ||   175
       Static Discharge  |     3 |     7 |     2 ||    12
       Airstrike         |       |    10 |    17 ||    27
 Abil: Fly               |       |     1 |       ||     1
Evoke: Wand              |       |     2 |       ||     2
  Use: Scroll            |     1 |       |     1 ||     2
 Stab: Sleeping          |       |     1 |       ||     1
  Eat: Chunk             |     3 |    10 |     4 ||    17
       Ration            |       |     1 |     1 ||     2
Armor: Robe              |    17 |     6 |       ||    23
Dodge: Dodged            |    60 |    32 |     9 ||   101
